 Dungeon Crawl Stone Soup version 0.19-a0-1704-gbd66c22 (webtiles) character file.

29 4thArraOfDagon the Firebug (level 3, -8/19 HPs)
             Began as a Deep Elf Fire Elementalist on Sept 27, 2016.
             Engulfed by a cloud of steam (11 damage)
             ... on level 5 of the Dungeon.
             The game lasted 00:01:33 (229 turns).

4thArraOfDagon the Firebug (DEFE)                    Turns: 229, Time: 00:01:34

Health: -8/19      AC:  3    Str:  5    XL:     3   Next: 1%
Magic:  5/9        EV: 13    Int: 20    God:
Gold:   44         SH:  0    Dex: 15    Spells: 1 memorised, 7 levels left

rFire  . . .     SeeInvis .     e - +0 spear
rCold  . . .     Gourm    .     a - +0 robe
rNeg   . . .     Faith    .     (no shield)
rPois  .         Spirit   .     (no helmet)
rElec  .         Dismiss  .     (no cloak)
rCorr  .         Reflect  .     (no gloves)
MR     .....     Harm     .     (no boots)
Stlth  ++........ Rnd*Tele +    (no amulet)
                                (no ring)
                                d - ring of teleportation (curse)

@: flying
A: no striking features
a: no special abilities


You were on level 5 of the Dungeon.
You were not hungry.

You visited 1 branch of the dungeon, and saw 5 of its levels.

You collected 44 gold pieces.

Inventory:

Hand Weapons
 e - a +0 spear (weapon)
Armour
 a - a +0 robe (worn)
Jewellery
 d - a cursed ring of teleportation (left hand)
Scrolls
 f - a scroll of teleportation {unknown}
 j - a scroll of identify {unknown}
Potions
 g - a potion of berserk rage {unknown}
 h - a potion of flight
 i - 2 potions of lignification {unknown}
 k - a potion of haste {unknown}
Books
 b - a book of Flames

   Spells                             Type                      Level
   a - Flame Tongue                   Conjuration/Fire             1
   b - Throw Flame                    Conjuration/Fire             2
   c - Conjure Flame                  Conjuration/Fire             3
   d - Inner Flame                    Hexes/Fire                   3
   e - Sticky Flame                   Conjuration/Fire             4
   f - Fireball                       Conjuration/Fire             5
Comestibles
 c - a bread ration


   Skills:
 - Level 2.4 Dodging
 - Level 2.4 Stealth
 + Level 3.2 Spellcasting
 * Level 2.0 Conjurations
 * Level 4.1 Fire Magic


You had 7 spell levels left.
You knew the following spells:

 Your Spells              Type           Power        Failure   Level  Hunger
a - Flame Tongue          Conj/Fire      ###..        4%          1    None


Dungeon Overview and Level Annotations

Branches:
Dungeon (5/15)
 Temple: D:4-7

Altars:


Message History

Aim: a jackal The flame tongue hits the jackal.
You kill the jackal!
You have reached level 3!
Your experience leads to an increase in your attributes!
Increase (S)trength, (I)ntelligence, or (D)exterity?
You feel clever. The jackal closely misses you. The jackal bites you.
* * * LOW HITPOINT WARNING * * *
Unknown command.
Unknown command.
Okay, then.
Unknown command.
Unknown command.
It was a potion of flight.
You feel very buoyant.
You fly up into the air.
You are engulfed in a cloud of scalding steam.
Ouch! That really hurt!
You die...

#....≈≈≈.# #....≈≈≈.#
#....≈≈≈.#.#
#....≈≈###'#
#....≈≈#...##########
#....≈≈#.gg#.........
#....≈≈#####≈≈≈≈≈≈≈≈≈
#....≈≈≈≈≈≈§§≈≈≈≈≈≈≈≈
#....≈≈≈≈≈≈@§§†≈≈≈≈≈≈
#..........hh§.P.....
#......P.............
#####################


You could see a gnoll and 2 jackals.

Vanquished Creatures
  An adder (D:2)
  An ooze (D:1)
  A goblin (D:2)
  A hobgoblin (D:1)
  3 jackals (D:5)
  2 kobolds
  2 bats (D:1)
  2 frilled lizards
  3 rats (D:1)
16 creatures vanquished.

Notes
Turn   | Place    | Note
-------+----------+-------------------------------------------
     0 | D:1      | 4thArraOfDagon the Deep Elf Fire Elementalist began the quest for the Orb.
     0 | D:1      | Reached XP level 1. HP: 10/10 MP: 6/6
    45 | D:1      | Reached XP level 2. HP: 12/15 MP: 1/8
   142 | D:2      | Reached skill level 4 in Fire Magic
   190 | D:5      | Entered Level 5 of the Dungeon
   223 | D:5      | RIP
   228 | D:5      | Reached XP level 3. HP: 6/19 MP: 5/9
   229 | D:5      | Engulfed by a cloud of steam

Vault maps used:
D:1:      dpeg_arrival_simpleton_c
D:2:      elyvilon_altar_5, ecumenical_altar_1, uniq_crazy_yiuf_cottage
D:3:      eat_drink_and_be_merry_uskayaw, first_bread, grunt_decor_resistance
D:4:      kennysheep_kobold_camp, lemuel_round_altar, okawaru_altar_gauntlet_db
D:5:      lemuel_castle_with_subvaults, kennysheep_slug_shrine,
          lemuel_blue_sif_altar, uniq_prince_ribbit1, uniq_duvessa

Skill      XL: |  1  2 |
---------------+-------+-----
Conjurations   | 2 |  2.0
Fire Magic     | 4 |  4.1
Dodging        | |  2.4
Stealth        | |  2.4
Spellcasting   | |  3.2

Action                   || total
-------------------------++-------
Melee: Spear             ||    18
 Cast: Flame Tongue      ||    21
  Use: Scroll            ||     1
       Potion            ||     1
 Stab: Sleeping          ||     1
Armor: Robe              ||     5
Dodge: Dodged            ||    23
